AoeStats
← Michal Petr

Arena

508473434Analyzed
2v2 RM · 11d ago on Sep 22, 2026· 50m 5s· 4 players
Game mode
Random Map
Map size
Medium (4 player)
Population
200
Speed
Normal
Resources
Standard
Victory
Conquest
Starting age
Dark Age
Ending age
Imperial Age
RankedLock teamsTeams togetherTeam positionsShared explorationLock speedFull tech treeHidden civsTurbo modeCheats
Victory
Defeat
🇨🇿 Burgundians · Czechia
980
+14
🇨🇿 Khmer · Czechia
980
+14
🇮🇹 Malians · Italy
947
-14
🇹🇼 Teutons · Taiwan
936
-14
Jesuscrist994
0:27 Loom
9:26 Feudal Age
10:05 Double-Bit Axe
11:08 Wheelbarrow
22:01 Castle Age
20:20 Gold Mining
20:22 Stone Mining
21:10 Forging
21:14 Scale Mail Armor
21:08 Fletching
21:02 Horse Collar
23:00 Bow Saw
23:15 Pikeman
23:22 Crossbowman
26:18 Stone Shaft Mining
26:16 Caravan
26:52 Heavy Plow
27:59 Scale Mail Armor
31:05 Scale Barding Armor
32:15 Chain Barding Armor
32:34 Iron Casting
33:54 Hand Cart
38:28 Imperial Age
36:52 Chain Mail Armor
37:26 Gold Shaft Mining
37:49 Chain Barding Armor
38:33 Squires
38:59 Elite Gbeto
40:19 Crop Rotation
40:56 Plate Mail Armor
41:22 Farimba
42:29 Plate Barding Armor
42:41 Conscription
46:23 Hoardings
45:49 Bodkin Arrow
45:18 Heavy Camel Rider
feifei0920097740
7:35 Loom
11:03 Feudal Age
12:46 Double-Bit Axe
12:43 Horse Collar
13:14 Fletching
23:37 Castle Age
23:39 Gold Mining
23:55 Stone Mining
25:47 Bow Saw
28:01 Wheelbarrow
28:51 Sanctity
30:54 Fervor
31:29 Town Watch
32:07 Redemption
33:24 Pikeman
34:05 Squires
33:51 Gambesons
33:53 Arson
37:20 Scale Mail Armor
39:14 Forging
40:14 Fortified Wall
40:25 Ballistics
43:34 Imperial Age
44:14 Chain Mail Armor
45:31 Chemistry
46:48 Two-Man Saw
46:06 Halberdier
Adam Vlček
6:22 Double-Bit Axe
7:55 Horse Collar
8:36 Loom
11:54 Feudal Age
10:20 Gold Mining
17:12 Castle Age
18:43 Cavalier
19:23 Husbandry
19:59 Cavalier
21:17 Cavalier
21:58 Husbandry
24:01 Scale Barding Armor
29:50 Forging
31:55 Chain Barding Armor
34:24 Iron Casting
38:44 Imperial Age
37:06 Wheelbarrow
38:36 Town Watch
38:56 Padded Archer Armor
40:14 Conscription
39:16 Elite Coustillier
41:22 Chemistry
41:24 Leather Archer Armor
45:58 Plate Barding Armor
Michal Petr
10:40 Feudal Age
13:43 Castle Age
13:30 Loom
14:21 Wheelbarrow
13:36 Double-Bit Axe
15:37 Bow Saw
16:06 Wheelbarrow
17:10 Scale Barding Armor
20:16 Bloodlines
20:52 Horse Collar
24:17 Gold Mining
26:34 Chain Barding Armor
27:53 Town Watch
28:28 Hand Cart
29:51 Stone Mining
31:43 Husbandry
31:59 Forging
38:48 Imperial Age
38:42 Gold Shaft Mining
38:42 Ballistics
38:19 Murder Holes
39:40 Iron Casting
38:56 Fletching
39:11 Tusk Swords
39:14 Heavy Plow
38:53 Elite Battle Elephant
40:11 Plate Barding Armor
40:31 Heavy Scorpion
45:13 Blast Furnace
47:46 Double Crossbow
47:54 Siege Engineers
Connection lost

Rejoining the realm…

Still unreachable

The connection could not be restored.

Session expired

The server has moved on; the page needs a fresh start.